 Dungeon Crawl Stone Soup version 0.16.2-2-g470672f (webtiles) character file.

8522 CrazyArbalest the Quickloader (level 11, -15/89 HPs)
             Began as a Centaur Hunter on Aug 20, 2015.
             Was an Initiate of Gozag.
             Demolished by a black mamba (18 damage)
             ... on level 1 of the Lair of Beasts.
             The game lasted 01:29:55 (12975 turns).

CrazyArbalest the Quickloader (Centaur Hunter)     Turns: 12975, Time: 01:29:57

Health: -15/89     AC: 14    Str: 16    XL:     11   Next: 11%
Magic:  8/8        EV: 11    Int: 10    God:    Gozag
Gold:   1618       SH:  0    Dex: 17    Spells: 0 memorised, 10 levels left

rFire  . . .     SeeInvis .     b - +1 hand crossbow
rCold  . . .     Clarity  .     k - +1 robe {Archmagi}
rNeg   . . .     SustAb   .     (no shield)
rPois  .         Gourm    .     U - +2 hat
rElec  .         Spirit   .     E - +0 cloak
rCorr  .         Warding  .     v - +0 pair of gloves
rMut   +         Stasis   .     p - +0 centaur barding
MR     +....                    L - amulet of resist mutation
Stlth  ++........               W - ring of protection from magic
                                V - +5 ring of dexterity

@: very quick, somewhat resistant to hostile enchantments, unstealthy
A: hooves 3, deformed body, speed 2, tough skin 3
a: Potion Petition, Call Merchant, Bribe Branch, Renounce Religion


You were on level 1 of the Lair of Beasts.
You worshipped Gozag.
Gozag was noncommittal.
You were not hungry.

You visited 3 branches of the dungeon, and saw 12 of its levels.

You collected 1904 gold pieces.
You spent 150 gold pieces at shops.
You paid 136 gold pieces to Gozag.

Inventory:

Hand weapons
 a - a +2 dagger of electrocution
 b - a +1 hand crossbow (weapon)
 j - a cursed +2 whip of flaming
 t - a +7 long sword of distortion
 G - a +2 short sword of venom
Missiles
 c - 21 bolts
 d - 47 bolts of penetration (quivered)
 K - 2 bolts of flame
Armour
 g - the cursed +0 large shield of the Pleiades {rC- Int+4, unknown}
   (You found it on level 10 of the Dungeon)

   It affects your intelligence (+4).
   It makes you vulnerable to cold.
   It has a curse placed upon it.
 k - a +1 robe of the Archmagi (worn)
 p - a +0 centaur barding (worn)
 v - a +0 pair of gloves (worn)
 E - a +0 cloak (worn)
 U - a +2 hat (worn)
Jewellery
 h - an uncursed ring of fire
 z - an uncursed ring of protection from cold
 F - a +3 ring of dexterity
 L - an amulet of resist mutation (around neck)
 V - a +5 ring of dexterity (left hand)
 W - a ring of protection from magic (right hand)
Magical devices
 q - a wand of magic darts (15)
 C - a wand of magic darts (21)
 D - a wand of digging (14)
 N - a wand of fire (6)
 O - a wand of flame (21)
 S - a wand of slowing (23)
 Y - a wand of disintegration (14)
Scrolls
 e - 7 scrolls of teleportation
 l - 5 scrolls of remove curse
 o - 3 scrolls of blinking
 B - a scroll of vulnerability
 H - a scroll of enchant weapon
 I - a scroll of noise {unknown}
 M - 5 scrolls of magic mapping
Potions
 i - 8 potions of curing
 m - 2 potions of agility {unknown}
 n - 3 potions of restore abilities {unknown}
 r - a potion of degeneration {unknown}
 s - a potion of haste {unknown}
 u - 2 potions of invisibility {unknown}
 w - 3 potions of brilliance {unknown}
 x - 4 potions of poison {unknown}
 P - a potion of cancellation {unknown}
 Q - a potion of lignification {unknown}
 T - 2 potions of might {unknown}
 X - a potion of magic {unknown}
 Z - a potion of berserk rage {unknown}
Comestibles
 f - 11 bread rations
 A - 4 meat rations
 J - 3 royal jellies
 R - a beef jerky


   Skills:
 + Level 5.7 Fighting
 - Level 4.1 Short Blades
 * Level 13.3 Crossbows
 + Level 4.9 Armour
 + Level 5.7 Dodging
 + Level 1.7 Stealth


You had 10 spell levels left.
You didn't know any spells.

Dungeon Overview and Level Annotations

Branches:
Dungeon (10/15)            Temple (1/1) D:4            Lair (1/8) D:10
    Orc (0/4) D:10

Altars:
Ashenzari
Cheibriados
Dithmenos
Elyvilon
Fedhas
Gozag
Kikubaaqudgha
Makhleb
Nemelex Xobeh
Okawaru
Qazlal
Ru
Sif Muna
Trog
Vehumet
Xom
Yredelemnul
Zin
The Shining One

Shops:
D:4 :   D:9 *

Annotations:
D:6 Everild's ghost, experienced GrFi
D:8 droidenko's ghost, experienced TrBe
D:10 2 runed doors


Innate Abilities, Weirdness & Mutations

You have hooves in place of feet.
Armour fits poorly on your strangely shaped body.
You cover ground very quickly.
You have extremely tough skin (AC +3).


Message History

The black mamba poisons you!
Drink which item? (? for menu, Esc to quit)
You feel better.
The black mamba bites you but does no damage.
Put on which piece of jewellery? (? for menu, Esc to quit)
Okay, then.
Unknown command.
Wear which item? (? for menu, Esc to quit)
Okay, then.
Firing (i - inventory. (,) - cycle):
d - 48 bolts of penetration (quivered)
Press: ? - help, Shift-Dir - straight line, f/p - black mamba
Aim: a black mamba (severely wounded)
You shoot a bolt of penetration.
The bolt of penetration pierces through the black mamba but does no damage.
The black mamba is severely wounded.
The black mamba bites you!
* * * LOW HITPOINT WARNING * * *
The black mamba bites you!!
You die...
Your body crumbles into a pile of gold.

##......## # #P.......##
#####.........#
#.##...........### #
........####.?...#####..
........## ....$....(.
.........# #.).......
.........# ##......##
...####...# #!.@S...(#
...# #...###.../...##
..t# ..............##
#..# #..............#
#..## #.............#
....### ##.............#
#...#.# #..............#
#.....# #........##..###
##..#.#..........#####


You could see a black mamba.

Vanquished Creatures
  A hydra (Lair:1)
  An ugly thing (D:7)
  A fire drake (D:10)
  A two-headed ogre (D:10)
  A shadow (D:10)
  A steam dragon (D:10)
  6 yaks (Lair:1)
  3 hungry ghosts
  A deep elf mage (D:9)
  A vampire mosquito (D:10)
  4 hippogriffs
  2 water moccasins (Lair:1)
  3 ice beasts
  2 porcupines (Lair:1)
  4 black bears
  A necrophage (D:10)
  4 orc warriors
  2 phantoms
  2 sky beasts
  A wasp (D:9)
  3 ogres
  2 crocodiles (Lair:1)
  2 big kobolds
  2 centaurs
  4 giant frogs
  3 scorpions
  A water moccasin skeleton (D:9)
  2 crimson imps
  A human zombie (D:8)
  5 giant frog skeletons
  6 hounds
  A jelly (D:6)
  A centaur zombie (D:10)
  A giant frog zombie (D:6)
  A centaur skeleton (D:6)
  8 orc priests
  5 orc wizards
  Natasha (thrice) (D:3)
  5 worker ants
  A hound zombie (D:10)
  2 mummies
  3 worker ant zombies
  10 river rats (Lair:1)
  16 adders
  4 gnolls (D:2)
  A shadow imp (D:10)
  A giant mite (D:4)
  5 worms
  8 giant geckos
  36 orcs
  3 ball pythons
  15 bats
  2 bat skeletons
  6 giant cockroaches
  11 goblins
  11 hobgoblins
  15 kobolds
  7 quokkas
  A giant cockroach zombie (D:5)
  2 giant gecko skeletons
  A giant gecko zombie (D:6)
  3 giant newts
  2 giant spores
  A goblin zombie (D:8)
  6 jackals (D:4)
  A jackal skeleton (D:9)
  16 rats
  4 ballistomycetes (D:8)
292 creatures vanquished.

Vanquished Creatures (others)
  A giant spore (D:8)
  A ballistomycete (D:8)
  2 fungi (Lair:1)
4 creatures vanquished.

Grand Total: 296 creatures vanquished

Notes
Turn   | Place    | Note
--------------------------------------------------------------
     0 | D:1      | CrazyArbalest, the Centaur Hunter, began the quest for the Orb.
     0 | D:1      | Reached XP level 1. HP: 17/17 MP: 1/1
   385 | D:1      | Reached XP level 2. HP: 16/24 MP: 2/2
   571 | D:1      | Reached skill level 5 in Crossbows
   890 | D:2      | Reached XP level 3. HP: 7/29 MP: 3/3
  1169 | D:2      | Reached XP level 4. HP: 32/36 MP: 3/3
  1758 | D:2      | Reached skill level 6 in Crossbows
  2007 | D:3      | Noticed Natasha
  2016 | D:3      | Killed Natasha
  2016 | D:3      | Reached XP level 5. HP: 31/41 MP: 4/4
  2024 | D:3      | Noticed Natasha
  2035 | D:3      | Killed Natasha
  2035 | D:3      | Reached skill level 1 in Armour
  2264 | D:3      | Noticed Natasha
  2271 | D:3      | Killed Natasha
  2946 | D:3      | Noticed an ice beast
  2970 | D:3      | Killed an ice beast
  2970 | D:3      | Reached skill level 1 in Short Blades
  2970 | D:3      | Reached XP level 6. HP: 50/50 MP: 5/5
  3209 | D:4      | Found Nasaph's Book Emporium.
  3412 | D:4      | Found a snail-covered altar of Cheibriados.
  3797 | D:4      | Reached skill level 7 in Crossbows
  3797 | D:4      | Reached XP level 7. HP: 55/57 MP: 5/5
  4047 | D:4      | Found a staircase to the Ecumenical Temple.
  4053 | Temple   | Entered the Ecumenical Temple
  4145 | Temple   | Became a worshipper of Gozag Ym Sagoz the Greedy
  4251 | D:5      | Entered Level 5 of the Dungeon
  5156 | D:6      | Noticed Everild's ghost (experienced GrFi)
  5403 | D:6      | Reached XP level 8. HP: 64/66 MP: 6/6
  5571 | D:6      | Reached skill level 1 in Stealth
  5726 | D:6      | HP: 1/66 [orc priest/divine providence (17)]
  6498 | D:6      | Reached skill level 8 in Crossbows
  7167 | D:7      | Noticed a white ugly thing
  7772 | D:8      | Reached XP level 9. HP: 50/72 MP: 7/7
  7786 | D:8      | Noticed droidenko's ghost (experienced TrBe)
  7843 | D:8      | Reached skill level 9 in Crossbows
  8300 | D:8      | Found a runed door.
  8698 | D:7      | Killed a white ugly thing
  8698 | D:7      | Reached skill level 10 in Crossbows
  9243 | D:8      | Found a basalt altar of Yredelemnul.
  9626 | D:9      | Found Kepasm's Assorted Antiques.
  9639 | D:9      | Bought a red potion for 23 gold pieces
  9639 | D:9      | Bought a scroll labeled YBAAPL AQOBATU for 26 gold pieces
  9639 | D:9      | Bought a golden potion for 23 gold pieces
  9639 | D:9      | Bought a scroll of teleportation for 78 gold pieces
  9834 | D:9      | Reached skill level 11 in Crossbows
 10016 | D:10     | Entered Level 10 of the Dungeon
 10024 | D:10     | Found a large runed door.
 10051 | D:10     | Found a staircase to the Orcish Mines.
 10051 | D:10     | Found a large runed door.
 10098 | D:10     | Reached XP level 10. HP: 75/80 MP: 7/7
 10137 | D:10     | Reached skill level 5 in Dodging
 10611 | D:10     | Found a staircase to the Lair.
 10624 | D:10     | Found a large runed door.
 10624 | D:10     | Found a large runed door.
 10770 | D:10     | Noticed a fire drake
 11275 | D:10     | Identified a scroll of acquirement
 11286 | D:10     | Got a slimy large shield
 11304 | D:10     | Reached skill level 5 in Fighting
 11862 | D:10     | Killed a fire drake
 11862 | D:10     | Reached skill level 12 in Crossbows
 11996 | Lair:1   | Entered Level 1 of the Lair of Beasts
 12100 | Lair:1   | Noticed a four-headed hydra
 12147 | Lair:1   | Killed a four-headed hydra
 12528 | Lair:1   | Reached skill level 13 in Crossbows
 12528 | Lair:1   | Reached XP level 11. HP: 18/88 MP: 8/8
 12962 | Lair:1   | Noticed a black mamba
 12975 | Lair:1   | HP: 3/89 [black mamba (9)]
 12975 | Lair:1   | Demolished by a black mamba

Action                   |  1- 3 |  4- 6 |  7- 9 | 10-12 || total
-------------------------+-------+-------+-------+-------++-------
Melee: Short sword       |    61 |       |       |       ||    61
       Dagger            |     8 |   223 |   431 |   180 ||   842
 Fire: Hand crossbow     |    19 |    23 |    94 |   161 ||   297
Evoke: Wand              |       |       |     1 |       ||     1
  Use: Scroll            |       |       |     5 |     7 ||    12
       Potion            |       |       |       |     2 ||     2
 Stab: Distracted        |       |       |     1 |       ||     1
  Eat: Chunk             |       |     8 |       |       ||     8
       Beef jerky        |       |       |     2 |     7 ||     9
       Meat ration       |       |       |     2 |       ||     2
       Fruit             |       |       |     3 |       ||     3
